 Dungeon Crawl Stone Soup version 0.22.1-2-g9c5b331383 (webtiles) character file.

25552 Ihlosi the Covert (level 13, -4/85 HPs)
             Began as a Kobold Gladiator on Dec 19, 2018.
             Was a High Priest of Kikubaaqudgha.
             Slain by a blink frog (5 damage)
             ... on level 4 of the Lair of Beasts on Dec 20, 2018.
             The game lasted 01:04:47 (18957 turns).

Ihlosi the Covert (Kobold Gladiator)               Turns: 18957, Time: 01:04:48

Health: -4/85      AC: 12    Str: 12    XL:     13   Next: 51%
Magic:  19/19      EV:  3    Int: 11    God:    Kikubaaqudgha [*****.]
Gold:   856        SH:  0    Dex: 23    Spells: 3/20 levels left

rFire    + . .     SeeInvis .   b - +0 scimitar (flame)
rCold    . . .     Gourm    .   Y - +2 buckler {rPois}
rNeg     + + +     Faith    .   O - +2 leather armour {rF+}
rPois    ∞         Spirit   .   w - +0 helmet
rElec    .         Reflect  .   n - +1 cloak
rCorr    .         Harm     .   C - +2 pair of gloves {archery}
MR       .....                  W - +0 pair of boots
Stlth    ++++++....             (no amulet)
HPRegen  0.24/turn              J - ring of stealth
MPRegen  0.16/turn              Q - +4 ring of dexterity

@: petrified
A: small, carnivore
a: Receive Corpses, Torment, Renounce Religion


You were on level 4 of the Lair of Beasts.
You worshipped Kikubaaqudgha.
Kikubaaqudgha was extremely pleased with you.
You were very full.

You visited 3 branches of the dungeon, and saw 17 of its levels.
You also visited: Ossuary.

You collected 1024 gold pieces.
You spent 168 gold pieces at shops.

Inventory:

Hand Weapons
 a - a +4 short sword
 b - a +0 scimitar of flaming (weapon)
 c - a +2 short sword of venom
 I - a +0 blowgun
Missiles
 o - 190 bolts
 t - 10 curare-tipped needles
 z - a throwing net (quivered)
Armour
 n - a +1 cloak (worn)
 v - a +0 ring mail of cold resistance
 w - a +0 helmet (worn)
 C - a +2 pair of gloves of archery (worn)
 O - a +2 leather armour of fire resistance (worn)
 W - a +0 pair of boots (worn)
 Y - a +2 buckler of poison resistance (worn)
Jewellery
 h - an uncursed ring of positive energy
 q - an uncursed ring of positive energy
 s - an uncursed ring of poison resistance
 J - a ring of stealth (left hand)
 P - a +4 ring of protection
 Q - a +4 ring of dexterity (right hand)
 Z - an uncursed ring of resist corrosion
Wands
 d - a wand of paralysis (2)
 l - a wand of random effects (28)
 x - a wand of iceblast (14)
 A - a wand of polymorph (43)
 R - a wand of disintegration (9)
 S - a wand of flame (52)
 X - a wand of acid (21)
Scrolls
 i - 8 scrolls of remove curse
 j - 6 scrolls of enchant weapon
 k - 3 scrolls of summoning
 m - a scroll of fog
 y - 4 scrolls of enchant armour
 D - a scroll of teleportation
 G - a scroll of vulnerability
 H - a scroll of magic mapping
 V - a scroll of blinking
Potions
 e - 5 potions of lignification
 g - 3 potions of heal wounds
 p - 2 potions of ambrosia
 r - a potion of haste
 u - a potion of might
 B - 3 potions of brilliance
 E - 10 potions of curing
 F - a potion of flight
 K - a potion of berserk rage
 L - a potion of agility
 T - a potion of resistance {unknown}
Comestibles
 f - 36 rations


   Skills:
 * Level 11.8 Fighting
 - Level 6.0(9.6) Short Blades
 * Level 7.5(8.0) Long Blades
 - Level 2.1 Throwing
 - Level 3.0 Armour
 * Level 11.1 Dodging
 - Level 12.0 Stealth
 * Level 2.8 Shields
 * Level 4.1 Spellcasting
 * Level 6.0 Necromancy
 * Level 7.8 Evocations


You had 3 spell levels left.
You knew the following spells:

 Your Spells              Type           Power        Failure   Level  Hunger
a - Pain                  Necr           ###.         3%          1    #......
b - Animate Skeleton      Necr           N/A          3%          1    #......
c - Regeneration          Chrm/Necr      #.........   34%         3    ###....
d - Vampiric Draining     Necr           ###.......   10%         3    ###....
e - Animate Dead          Necr           N/A          32%         4    #####..
f - Dispel Undead         Necr           ###.....     67%         5    ######.

Your spell library contained the following spells:

 Spells                   Type           Power        Failure   Level  Hunger
 Sublimation of Blood     Necr           ###.......   4%          2    ##.....
 Apportation              Tloc           #.....       36%         1    #......
 Confusing Touch          Hex            #.....       36%         1    #......
 Summon Small Mammal      Summ           #...         36%         1    #......
 Bolt of Draining         Conj/Necr      #.........   97%         5    ######.
 Borgnjor's Vile Clutch   Necr/Erth      #.........   97%         5    ######.
 Excruciating Wounds      Chrm/Necr      #.........   97%         5    ######.
 Ice Form                 Ice/Tmut       #.......     98%         4    #####..
 Metabolic Englaciation   Hex/Ice        #.........   100%        5    ######.
 Bolt of Cold             Conj/Ice       #.........   100%        6    #######
 Freezing Cloud           Conj/Ice/Air   #.........   100%        6    #######
 Ozocubu's Refrigeration  Ice            #.........   100%        6    #######
 Simulacrum               Ice/Necr       #.........   100%        6    #######


Dungeon Overview and Level Annotations

Branches:
Dungeon (11/15)            Temple (1/1) D:4            Lair (5/6) D:11
 Shoals (0/4) Lair:4       Spider (0/4) Lair:3          Orc (0/2) D:11
  Slime: Lair:5-6

Altars:
Ashenzari
Cheibriados
Dithmenos
Elyvilon
Fedhas
Gozag
Hepliaklqana
Kikubaaqudgha
Makhleb
Nemelex Xobeh
Okawaru
Qazlal
Ru
Sif Muna
Trog
Uskayaw
Vehumet
Wu Jian
Xom
Yredelemnul
Zin
The Shining One

Shops:
D:5 :   D:8 [   D:9 [

Annotations:
D:4 1 runed door, DildoBatman's ghost, amateur FoWz


Innate Abilities, Weirdness & Mutations

You are small and have problems with some larger weapons.
You are carnivorous and can eat meat at any time.


Message History

There is a stone staircase leading up here.
The blink frog hits you!
* * * LOW HITPOINT WARNING * * *
The water moccasin closely misses you.
You riposte.
You closely miss the water moccasin.
The water moccasin is heavily wounded.
The blink frog closely misses you.
You riposte.
You closely miss the blink frog. The basilisk bites you!
* * * LOW HITPOINT WARNING * * *
The blink frog hits you!
* * * LOW HITPOINT WARNING * * *
The water moccasin bites you but does no damage.
The blink frog hits you but does no damage.
Your limbs are stiffening.
You climb upwards.
You have turned to stone.
The basilisk bites you!
* * * LOW HITPOINT WARNING * * *
The blink frog hits you!
You die...
Kikubaaqudgha rasps: "You have failed me!
Welcome... oblivion!"

....##............##
....#P..#....##....#
........###.......##
....##..# #.......#
....#...###.......#
.....#..##........##
.....#..###........#
.....#..# #<...F†F.#
....PP..###....S@.##
................l..#
...................#
########.#..#.###.##
######## ###


You could see a basilisk, 2 blink frogs and a water moccasin.

Vanquished Creatures
  Rupert (Lair:4)
  Nessos (Lair:4)
  Erolcha (D:9)
  4 hydras
  Pikel (D:7)
  A manticore (D:11)
  2 black mambas
  A torpor snail (Lair:4)
  Joseph (D:10)
  3 spiny frogs
  5 komodo dragons
  A merfolk (D:10)
  A hornet (D:10)
  A polar bear (Lair:4)
  A troll (D:8)
  4 dream sheep (Lair:4)
  2 hippogriffs
  A wyvern (Lair:4)
  3 wraiths
  20 yaks
  A warg (D:10)
  Edmund (D:4)
  8 water moccasins
  8 porcupines
  5 orc warriors
  2 ice beasts
  4 sky beasts
  5 black bears
  4 phantoms
  2 eyes of draining
  A necrophage (D:11)
  14 wolves
  3 ogres
  3 centaurs
  5 crocodiles
  A big kobold (D:10)
  17 bullfrogs
  6 scorpions
  5 wights
  A howler monkey (D:10)
  A bullfrog zombie (D:11)
  9 crimson imps
  A centaur zombie (D:11)
  2 hounds
  4 jellies
  9 orc priests
  Crazy Yiuf (D:2)
  17 orc wizards
  A bullfrog skeleton (D:10)
  2 centaur skeletons
  4 iguanas
  3 worker ants
  2 hound zombies
  2 hound skeletons
  A howler monkey skeleton (D:7)
  20 adders
  6 gnolls (D:5)
  5 shadow imps
  4 oozes
  2 worms (D:4)
  2 dart slugs (D:1)
  4 leopard geckos
  64 orcs
  5 bats
  7 giant cockroaches
  7 goblins
  11 hobgoblins
  5 jackals
  6 quokkas
  A ball python skeleton (Ossuary)
  5 frilled lizards
  17 kobolds
  2 kobold zombies (Ossuary)
  A leopard gecko skeleton (D:5)
  An orc skeleton (Ossuary)
  2 orc zombies (Ossuary)
  A quokka skeleton (D:4)
  A quokka zombie (D:5)
  9 rats
398 creatures vanquished.

Vanquished Creatures (collateral kills)
  An orc warrior (D:11)
  An orc (D:11)
2 creatures vanquished.

Vanquished Creatures (others)
  31 fungi (D:11)
  16 plants (D:11)
47 creatures vanquished.

Grand Total: 447 creatures vanquished

Notes
Turn   | Place    | Note
-------+----------+-------------------------------------------
     0 | D:1      | Ihlosi the Kobold Gladiator began the quest for the Orb.
     0 | D:1      | Reached XP level 1. HP: 12/12 MP: 1/1
   176 | D:1      | Reached XP level 2. HP: 15/17 MP: 2/2
   288 | D:1      | Reached skill level 1 in Stealth
   290 | D:1      | Reached XP level 3. HP: 18/22 MP: 3/3
   950 | D:2      | Reached XP level 4. HP: 25/27 MP: 4/4
  1131 | D:2      | Reached skill level 1 in Armour
  1462 | D:2      | Reached skill level 2 in Stealth
  1690 | D:2      | Found a runed door.
  1694 | D:2      | Noticed Crazy Yiuf
  1704 | D:2      | Killed Crazy Yiuf
  1704 | D:2      | Reached skill level 5 in Short Blades
  1704 | D:2      | Reached XP level 5. HP: 18/31 MP: 5/5
  2167 | D:3      | Reached skill level 3 in Stealth
  2449 | D:3      | Reached XP level 6. HP: 36/36 MP: 6/6
  2933 | D:4      | Noticed a phantom
  2997 | D:4      | Killed a phantom
  2997 | D:4      | Reached skill level 5 in Dodging
  2997 | D:4      | Reached skill level 4 in Stealth
  3135 | D:4      | Reached XP level 7. HP: 36/41 MP: 7/7
  3138 | D:4      | Found a blossoming altar of Fedhas.
  3369 | D:4      | Found a runed door.
  3388 | D:4      | Noticed DildoBatman's ghost (amateur FoWz)
  3646 | D:4      | Noticed Edmund
  3649 | D:4      | Found a staircase to the Ecumenical Temple.
  3675 | D:4      | Killed Edmund
  3675 | D:4      | Reached skill level 5 in Stealth
  3944 | Temple   | Entered the Ecumenical Temple
  4035 | Temple   | Became a worshipper of Kikubaaqudgha
  4084 | D:5      | Entered Level 5 of the Dungeon
  4255 | D:5      | Reached XP level 8. HP: 37/48 MP: 8/8
  4284 | D:5      | Found Jebrotaw's Book Boutique.
  4415 | D:5      | Reached * piety under Kikubaaqudgha
  4415 | D:5      | Identified Kikubaaqudgha's Grimoire of Sinister Rites
                  | (Kikubaaqudgha gifted it to you on level 5 of the Dungeon)
  4415 | D:5      | Received a gift from Kikubaaqudgha
  4419 | D:5      | Learned a level 1 spell: Animate Skeleton
  4421 | D:5      | Learned a level 1 spell: Pain
  4425 | D:5      | Learned a level 3 spell: Regeneration
  4874 | D:5      | Reached skill level 6 in Stealth
  5114 | D:5      | Reached skill level 5 in Fighting
  5427 | D:4      | Found a stormy altar of Qazlal.
  5495 | D:6      | Reached skill level 1 in Spellcasting
  5495 | D:6      | Reached skill level 1 in Evocations
  5621 | D:6      | Found a sacrificial altar of Ru.
  5649 | D:6      | Found a shimmering altar of Xom.
  5701 | D:6      | Reached skill level 1 in Necromancy
  5780 | D:6      | Learned a level 3 spell: Vampiric Draining
  6291 | D:6      | Reached skill level 7 in Stealth
  6329 | D:7      | Noticed Pikel
  6641 | D:7      | Found a hide-covered altar of Uskayaw.
  6991 | D:7      | Killed Pikel
  6991 | D:7      | Reached skill level 8 in Stealth
  6991 | D:7      | Reached XP level 9. HP: 51/56 MP: 10/12
  7057 | D:8      | Noticed an eight-headed hydra
  7062 | D:8      | Killed an eight-headed hydra
  7062 | D:8      | Reached skill level 9 in Stealth
  7078 | D:8      | Found a sand-covered staircase.
  7119 | Ossuary  | Entered an ossuary
  7273 | Ossuary  | Reached ** piety under Kikubaaqudgha
  7273 | Ossuary  | Reached XP level 10. HP: 61/64 MP: 14/14
  7605 | D:8      | Found Qoom's Antique Armour Emporium.
  7619 | D:8      | Bought a runed hat for 168 gold pieces
  7696 | D:8      | Reached skill level 1 in Long Blades
  7696 | D:8      | Reached skill level 10 in Stealth
  8727 | D:9      | Noticed Erolcha
  9370 | D:9      | Killed Erolcha
  9370 | D:9      | Reached *** piety under Kikubaaqudgha
  9370 | D:9      | Identified Kikubaaqudgha's Catalogue of Dark Rites
                  | (Kikubaaqudgha gifted it to you on level 9 of the Dungeon)
  9370 | D:9      | Received a gift from Kikubaaqudgha
  9379 | D:9      | Learned a level 4 spell: Animate Dead
  9385 | D:9      | Learned a level 5 spell: Dispel Undead
  9507 | D:9      | Found Wedawuon's Armour Shoppe.
  9558 | D:9      | Found a glowing golden altar of the Shining One.
  9559 | D:9      | Found a basalt altar of Yredelemnul.
  9593 | D:9      | Found a shimmering altar of Xom.
  9595 | D:9      | Found a hazy altar of Hepliaklqana.
  9651 | D:10     | Entered Level 10 of the Dungeon
  9651 | D:10     | Noticed Erica
  9651 | D:10     | Noticed Joseph
  9834 | D:8      | Reached XP level 11. HP: 59/71 MP: 17/17
  9905 | D:9      | Reached skill level 5 in Evocations
 10468 | D:10     | Found an ornate altar of the Wu Jian Council.
 10613 | D:10     | Killed Joseph
 10643 | D:10     | Paralysed by a hornet for 3 turns
 10653 | D:10     | Noticed Sonja
 10683 | D:10     | HP: 1/72 [orc warrior/flail (19)]
 10685 | D:10     | Reached skill level 10 in Fighting
 10703 | D:10     | Noticed Maurice
 10941 | D:10     | Noticed Maurice
 10941 | D:10     | Maurice changed into Maurice the warg
 10960 | D:10     | Killed Maurice the warg
 11141 | D:10     | Identified a scroll of acquirement
 11340 | D:10     | Noticed Sonja
 11340 | D:10     | Sonja changed into Sonja the black bear
 11345 | D:10     | Killed Sonja the black bear
 11379 | D:10     | Noticed Erica
 11379 | D:10     | Erica changed into Erica the merfolk
 11384 | D:10     | Killed Erica the merfolk
 11806 | D:11     | Noticed a six-headed hydra
 11941 | D:11     | Reached **** piety under Kikubaaqudgha
 12158 | D:11     | Found a staircase to the Lair.
 12236 | D:11     | Reached skill level 5 in Necromancy
 12968 | D:11     | Noticed a manticore
 12971 | D:11     | Reached XP level 12. HP: 29/77 MP: 18/18
 13683 | D:11     | Killed a six-headed hydra
 13825 | D:11     | Reached skill level 5 in Long Blades
 13977 | D:11     | Found a staircase to the Orcish Mines.
 14058 | Lair:1   | Entered Level 1 of the Lair of Beasts
 14085 | Lair:1   | Noticed a five-headed hydra
 14092 | Lair:1   | Killed a five-headed hydra
 14092 | Lair:1   | Reached ***** piety under Kikubaaqudgha
 14092 | Lair:1   | Reached skill level 11 in Stealth
 15726 | Lair:2   | Reached skill level 10 in Dodging
 16699 | Lair:3   | Found a hole to the Spider Nest.
 17330 | Lair:4   | Noticed Nessos
 17333 | Lair:4   | Reached skill level 1 in Shields
 17390 | Lair:4   | Reached skill level 12 in Stealth
 17390 | Lair:4   | Reached XP level 13. HP: 67/84 MP: 19/19
 17520 | Lair:4   | Noticed a six-headed hydra
 17527 | Lair:4   | Killed a five-headed hydra
 17642 | Lair:4   | Noticed Rupert
 17663 | Lair:4   | Killed Rupert
 18042 | Lair:4   | Found a staircase to the Shoals.
 18361 | Lair:4   | Killed Nessos
 18957 | Lair:4   | HP: 1/85 [basilisk (5)]
 18957 | Lair:4   | Slain by a blink frog

Skill      XL: |  1  2  3  4  5  6  7  8  9 10 11 12 13 |
---------------+----------------------------------------+-----
Dodging        | 4 5 6 7 9 10 11 | 11.1
Stealth        | 1 2 3 4 5 8 9 10 12 | 12.0
Armour         | 1 2 3 |  3.0
Short Blades   | 5 6 |  6.0
Fighting       | 3 4 6 7 9 10 11 | 11.8
Spellcasting   | 2 3 4 |  4.1
Evocations     | 2 3 4 6 7 |  7.8
Necromancy     | 2 3 4 5 6 |  6.0
Long Blades    | 2 4 6 7 |  7.5
Shields        | 1 2 |  2.8
Throwing       | |  2.1

Action                   |  1- 3 |  4- 6 |  7- 9 | 10-12 | 13-15 || total
-------------------------+-------+-------+-------+-------+-------++-------
Melee: Rapier            |    73 |       |       |       |       ||    73
       Short sword       |    33 |   211 |   382 |   777 |     8 ||  1411
       Dagger            |       |       |     3 |    11 |       ||    14
       Scimitar          |       |       |       |   229 |   133 ||   362
Throw: Throwing net      |       |     2 |     2 |     3 |       ||     7
 Cast: Animate Dead      |       |       |       |     2 |     1 ||     3
       Pain              |       |       |       |     2 |       ||     2
       Vampiric Draining |       |       |       |       |     4 ||     4
Evoke: Wand              |       |       |     5 |    66 |     7 ||    78
  Use: Scroll            |       |     6 |    12 |    10 |     2 ||    30
       Potion            |       |     2 |     2 |     5 |     3 ||    12
 Stab: Sleeping          |     5 |     2 |    21 |    22 |     4 ||    54
       Held in net/web   |       |     1 |     1 |     3 |       ||     5
       Invisible         |       |     4 |     3 |       |       ||     7
       Distracted        |       |       |       |     5 |     2 ||     7
       Paralysed         |       |       |       |     6 |       ||     6
  Eat: Chunk             |     6 |     9 |    12 |    34 |     7 ||    68
Armor: Leather armour    |    21 |    26 |    52 |   160 |    49 ||   308
       Skin              |       |    10 |     2 |    21 |       ||    33
Dodge: Dodged            |    68 |   116 |   242 |   819 |   254 ||  1499
Block: Buckler           |       |       |       |    44 |    96 ||   140
       Rpst.: Scimitar   |       |       |       |    68 |    56 ||   124
